 Dungeon Crawl Stone Soup version 0.18-a0-1203-gbde16db (webtiles) character file.

123 Duffy the Ruffian (level 4, 0/39 HPs)
             Began as a Minotaur Fighter on Feb 1, 2016.
             Killed by divine providence
             ... invoked by an orc priest
              (14 damage)
             ... on level 3 of the Dungeon.
             The game lasted 00:01:52 (2055 turns).

Duffy the Ruffian (Minotaur Fighter)                Turns: 2055, Time: 00:01:52

Health: 0/39       AC:  9    Str: 21    XL:     4   Next: 79%
Magic:  3/3        EV:  7    Int:  5    God:
Gold:   124        SH:  0    Dex: 10    Spells: 0 memorised, 3 levels left

rFire  . . .     SeeInvis .       - Unarmed
rCold  . . .     Gourm    .     j - +0 chain mail
rNeg   . . .     Faith    .     (no shield)
rPois  .         Spirit   .     (helmet restricted)
rElec  .         Dismiss  .     (no cloak)
rCorr  .         Reflect  .     (no gloves)
SustAt .         Harm     .     (no boots)
MR     .....                    (no amulet)
Stlth  ..........               (no ring)
                                (no ring)

@: not resistant to hostile enchantments, extremely unstealthy
A: retaliatory headbutt, horns 2
a: no special abilities


You were on level 3 of the Dungeon.
You were hungry.

You visited 1 branch of the dungeon, and saw 3 of its levels.

You collected 124 gold pieces.


Innate Abilities, Weirdness & Mutations

You reflexively headbutt those who attack you in melee.
You have a pair of horns on your head.


   Skills:
 - Level 3.6 Fighting
 - Level 3.6 Armour
 - Level 3.6 Shields
 + Level 5.5 Unarmed Combat


You had 3 spell levels left.
You didn't know any spells.

Inventory:

Armour
 a - a +0 scale mail
 b - a +0 shield
 j - a +0 chain mail (worn)
Wands
 h - a wand of random effects (21/48)
Scrolls
 k - a scroll of random uselessness {unknown}
 l - a scroll of recharging {unknown}
 n - a scroll of magic mapping {unknown}
 o - a scroll of identify {unknown}
 p - a scroll of teleportation {unknown}
 q - a scroll of enchant weapon {unknown}
 r - 2 scrolls of immolation {unknown}
Potions
 c - a potion of might
 e - a potion of haste {unknown}
 f - 3 potions of curing {unknown}
 i - a potion of flight {unknown}
Comestibles
 d - a bread ration
 g - a royal jelly
 m - a meat ration

Dungeon Overview and Level Annotations

Branches:
Dungeon (3/15)

Altars:
Pakellas


Message History

The orc priest calls down the wrath of Beogh upon you.
Something smites you!
You barely miss the orc wizard.
The orc wizard is heavily wounded.
The orc wizard gestures at you while chanting.
The magic dart hits you!
The orc priest mumbles some strange prayers to Beogh against you.
Something smites you!
You are too injured to fight recklessly!
You are too injured to fight recklessly!
You are too injured to fight recklessly!
You are too injured to fight recklessly!
You are too injured to fight recklessly!
You are too injured to fight recklessly!
You are too injured to fight recklessly!
You are too injured to fight recklessly!
You are too injured to fight recklessly!
You are too injured to fight recklessly!
You are too injured to fight recklessly!
You are too injured to fight recklessly!
You are too injured to fight recklessly!
You are too injured to fight recklessly!
You are too injured to fight recklessly!
You are too injured to fight recklessly!
You are too injured to fight recklessly!
You are too injured to fight recklessly!
You are too injured to fight recklessly!
You are too injured to fight recklessly!
You closely miss the orc wizard. You headbutt the orc wizard!
You kill the orc wizard!
You hit the orc priest.
The orc priest is lightly wounded.
The orc priest mumbles some strange prayers to Beogh against you.
Something smites you!
You die...

#####.#.####.###
#........###....
#.###.....######
#.##.......#
#.###.....## # #.#
##...## ## ##.
#.#####..## ##.
#....####........[####..
.....oo@)............'..
#....########........#..
##. #.#...##.##.
#.###.##.### #.#
#.##.... #.###.##..##
#).......#..
#####...###_ #....#..


You could see an orc priest and an orc.

Action                   |  1- 3 |  4- 6 || total
-------------------------+-------+-------++-------
Melee: Unarmed           |    83 |    39 ||   122
  Eat: Chunk             |       |     3 ||     3

Notes
Turn   | Place    | Note
--------------------------------------------------------------
     0 | D:1      | Duffy the Minotaur Fighter began the quest for the Orb.
     0 | D:1      | Reached XP level 1. HP: 19/19 MP: 0/0
   124 | D:1      | Reached skill level 3 in Unarmed Combat
   124 | D:1      | Reached XP level 2. HP: 17/26 MP: 1/1
   680 | D:1      | Reached XP level 3. HP: 31/31 MP: 2/2
   728 | D:1      | Reached skill level 4 in Unarmed Combat
  1041 | D:2      | Noticed Terence
  1079 | D:1      | Killed Terence
  1079 | D:1      | Reached XP level 4. HP: 16/39 MP: 3/3
  1540 | D:2      | Reached skill level 5 in Unarmed Combat
  1768 | D:3      | Found an oddly glowing altar of Pakellas.
  2055 | D:3      | Killed from afar by an orc priest

Vault maps used:
D:1:      saegor_arrival_simple_f
D:2:      minmay_misc_feat_four_crosses, uniq_terence
D:3:      gammafunk_temple_overflow_pools, first_bread, minmay_fountain_box,
          minivault_27, grunt_pakellas_salt, uniq_grinder, uniq_natasha

Vanquished Creatures
  An orc wizard Terence
  An adder
  2 oozes
  A worm
  An orc
  4 giant cockroaches
  2 goblins
  5 hobgoblins
  5 jackals
  8 kobolds
  A quokka
  A ball python
  3 bats
  6 giant newts
  6 rats
48 creatures vanquished.
